 Dungeon Crawl Stone Soup version 0.20-a0-222-gb69ddcd (webtiles) character file.

60 KristoblXynda the Stinger (level 3, -6/26 HPs)
             Began as a Draconian Venom Mage on Nov 29, 2016.
             Mangled by a reaper
             ... wielding a +1 scythe of venom
              (32 damage)
             ... on level 2 of the Abyss.
             The game lasted 00:04:37 (2363 turns).

KristoblXynda the Stinger (Draconian Venom Mage)    Turns: 2363, Time: 00:04:38

Health: -6/26      AC:  8    Str: 10    XL:     3   Next: 80%
Magic:  7/7        EV: 12    Int: 16    God:
Gold:   55         SH:  0    Dex: 11    Spells: 4/8 levels left

rFire  . . .     SeeInvis .     (no weapon)
rCold  . . .     Gourm    .     (armour unavailable)
rNeg   . . .     Faith    .     (no shield)
rPois  .         Spirit   .     (helmet restricted)
rElec  .         Reflect  .     (no cloak)
rCorr  .         Harm     .     d - +2 pair of gloves
MR     .....                    (no boots)
Stlth  ++........               (no amulet)
                                (no ring)
                                (no ring)

@: no status effects
A: unfitting armour, cold-blooded, AC +5
a: no special abilities


You were on level 2 of the Abyss.
You were not hungry.

You visited 1 branch of the dungeon, and saw 2 of its levels.
You visited the Abyss 1 time.

You collected 55 gold pieces.

Inventory:

Missiles
 l - 8 javelins (quivered)
Armour
 d - a +2 pair of gloves (worn)
Scrolls
 e - a scroll of remove curse {unknown}
 f - a scroll of identify
Potions
 c - a potion of flight {unknown}
 g - 3 potions of heal wounds
 h - 2 potions of brilliance {unknown}
 j - a potion of degeneration {unknown}
 k - a potion of berserk rage {unknown}
Books
 a - a Young Poisoner's Handbook

   Spells                             Type                      Level
   a - Sting                          Conjuration/Poison           1
   b - Mephitic Cloud                 Conjuration/Poison/Air       3
   c - Olgreb's Toxic Radiance        Poison                       4
   d - Alistair's Intoxication        Transmutation/Poison         5
   e - Venom Bolt                     Conjuration/Poison           5
Comestibles
 b - 2 bread rations
 m - a meat ration


   Skills:
 - Level 1.7 Dodging
 - Level 1.7 Stealth
 + Level 3.0 Spellcasting
 + Level 1.8 Conjurations
 + Level 4.2 Poison Magic


You had 4 spell levels left.
You knew the following spells:

 Your Spells              Type           Power        Failure   Level  Hunger
a - Sting                 Conj/Pois      ##..         8%          1    #......
b - Mephitic Cloud        Conj/Pois/Air  #.......     28%         3    ###....


Dungeon Overview and Level Annotations

Branches:
Dungeon (2/15)

Altars:
Okawaru

Annotations:
D:2 Crazy Yiuf


Innate Abilities, Weirdness & Mutations

Your plain brown scales are hard. (AC +5)
You cannot fit into any form of body armour.
You are cold-blooded and may be slowed by cold attacks.


Message History

You now have 55 gold pieces (gained 8).
Found 21 arrows.
Found a dyed leather armour.
Found a meat ration.
A raiju comes into view.
You enter the shallow water.
Moving in this stuff is going to be slow.
m - a meat ration An apocalypse crab comes into view.
The apocalypse crab moves out of view.
The reaper beckons to you.
As you read the scroll labeled TETHUE ZEILAY, it crumbles to dust.
It is a scroll of identify.
g - 3 potions of heal wounds
As you read the scroll labeled JIXUEB XEELA, it crumbles to dust.
It is a scroll of recharging.
You aren't carrying any rechargeable items.
The reaper hits you with a scythe of venom!!
Ouch! That really hurt!
You die...

.(.. ..#.
.# # . .
##.....# ..
.##.#..## .
.........#
#.## .#..#
##..#.#...#
##.#....##
..####2#
..#. #@##.
. ##ยง###
... #.## .#
.# . #


You could see a reaper.

Vanquished Creatures
  2 adders (D:2)
  A dart slug (D:1)
  A leopard gecko (D:1)
  6 bats
  2 giant cockroaches (D:1)
  3 goblins (D:2)
  7 hobgoblins (D:1)
  4 jackals (D:1)
  3 kobolds
  A quokka (D:2)
  A ball python (D:1)
  4 rats (D:1)
35 creatures vanquished.

Notes
Turn   | Place    | Note
-------+----------+-------------------------------------------
     0 | D:1      | KristoblXynda the Draconian Venom Mage began the quest for the Orb.
     0 | D:1      | Reached XP level 1. HP: 14/14 MP: 3/3
   373 | D:1      | Reached XP level 2. HP: 9/20 MP: 0/5
   675 | D:1      | Found an iron altar of Okawaru.
   702 | D:1      | Reached skill level 1 in Conjurations
  1255 | D:1      | Reached XP level 3. HP: 6/26 MP: 4/7
  1287 | D:1      | Learned a level 3 spell: Mephitic Cloud
  2180 | D:2      | Found a runed door.
  2184 | D:2      | Noticed Crazy Yiuf
  2197 | D:2      | Cast into level 1 of the Abyss (Crazy Yiuf)
  2229 | Abyss:1  | Noticed an efreet
  2315 | Abyss:2  | Noticed a raiju
  2329 | Abyss:2  | Noticed an apocalypse crab
  2352 | Abyss:2  | Noticed a reaper
  2363 | Abyss:2  | Mangled by a reaper

Vault maps used:
D:1:      matt_arrival_spirals, serial_bayou_pond_a, serial_bayou_pond_b,
          okawaru_ov_weapons_minmay
D:2:      kennysheep_generic_room_16, uniq_robin, uniq_crazy_yiuf_cottage
Abyss:2:  patterned_corridor

Skill      XL: |  1  2  3 |
---------------+----------+-----
Conjurations   | 1 |  1.8
Spellcasting   | 3 |  3.0
Dodging        | |  1.7
Stealth        | |  1.7
Poison Magic   | |  4.2

Action                   || total
-------------------------++-------
Melee: Unarmed           ||   141
       Tailslap          ||    11
 Cast: Sting             ||    43
       Mephitic Cloud    ||     1
  Use: Scroll            ||     2
  Eat: Chunk             ||     5
Armor: Skin              ||    51
Dodge: Dodged            ||   117
